 Dungeon Crawl Stone Soup version 0.27.1-1-g398f81649c (webtiles) character file.

Game seed: 5480959898011275558

51 speeev33 the Skirmisher (level 3, 0/33 HPs)
             Began as a Hill Orc Fighter on Sept 12, 2021.
             Slain by Sigmund (8 damage)
             ... on level 2 of the Dungeon.
             The game lasted 00:02:04 (1479 turns).

speeev33 the Skirmisher (Hill Orc Fighter)          Turns: 1479, Time: 00:02:04

Health: 0/33       AC:  9    Str: 19    XL:     3   Next: 83%
Magic:  3/3        EV:  5    Int:  8    God:
Gold:   31         SH: 10    Dex: 10    Spells: 2/2 levels left

rFire    + . .     SeeInvis .   a - +1 war axe
rCold    . . .     Faith    .   c - +1 kite shield
rNeg     + . .     Spirit   .   f - +0 chain mail
rPois    .         Reflect  .   (no helmet)
rElec    .         Harm     .   (no cloak)
rCorr    .         Rampage  .   (no gloves)
Will     .....                  (no boots)
Stlth    ..........             (no amulet)
HPRegen  0.11/turn              b - ring of protection from fire
MPRegen  0.08/turn              i - ring of positive energy

@: no status effects
A: no striking features
a: no special abilities


You were on level 2 of the Dungeon.
You visited 1 branch of the dungeon, and saw 2 of its levels.

You collected 31 gold pieces.

Inventory:

Hand Weapons
 a - a +1 war axe (weapon)
Armour
 c - a +1 kite shield (worn)
 f - a +0 chain mail (worn)
Jewellery
 b - a ring of protection from fire (left hand)
 i - a ring of positive energy (right hand)
Scrolls
 g - a scroll of enchant weapon
Potions
 d - a potion of might
 e - 2 potions of heal wounds {unknown}
 h - a potion of lignification {unknown}


   Skills:
 + Level 4.2 Fighting
 + Level 3.5 Axes
 + Level 3.8 Armour
 + Level 3.8 Shields


You had 2 spell levels left.
You didn't know any spells.
Your spell library contained the following spells:

 Spells                   Type           Power      Damage    Failure   Level
 Dazzling Flash           Conj/Hex       0%         N/A       100%        3
 Iskenderun's Mystic Bla  Conj/Tloc      0%         2d3       100%        4
 Starburst                Conj/Fire      0%         6d3       100%        6


Dungeon Overview and Level Annotations

Branches:
Dungeon (2/15)

Altars:

Annotations:
D:1 exclusion: downstairs
D:2 Sigmund


Message History

You closely miss Sigmund.
Sigmund is moderately wounded.
Sigmund closely misses you.
You barely miss Sigmund.
Sigmund is moderately wounded.
Sigmund hits you with a +0 scythe.
You completely miss Sigmund.
Sigmund is moderately wounded.
Sigmund hits you with a +0 scythe.
You hit Sigmund.
Sigmund is heavily wounded.
Sigmund hits you but does no damage.
You barely miss Sigmund.
Sigmund is heavily wounded.
Sigmund completely misses you.
You hit Sigmund but do no damage.
Sigmund is heavily wounded.
Sigmund hits you with a +0 scythe.
Your chain mail prevents you from hitting Sigmund.
Sigmund is heavily wounded.
Sigmund casts a spell at you. You resist with significant effort.
You block Sigmund's attack.
You hit Sigmund.
Sigmund is heavily wounded.
Sigmund hits you with a +0 scythe!
* * * LOW HITPOINT WARNING * * *
You closely miss Sigmund.
Sigmund is heavily wounded.
You block Sigmund's attack.
You hit Sigmund.
Sigmund is severely wounded.
You block Sigmund's attack.
You hit Sigmund but do no damage.
Sigmund is severely wounded.
Sigmund hits you with a +0 scythe.
* * * LOW HITPOINT WARNING * * *
You hit Sigmund but do no damage.
Sigmund is severely wounded.
Sigmund hits you with a +0 scythe!
You die...

,,,,,,,,,*
#.#####.###.#
********,*
#...........# *,*
######.#.#### *,*
##..# *,* ##.#
*,* #.# *,*
#########.# *,*
#.........# *,*
#@######### *,*
*#@# *,******.K#
*,,,,,,.w##
*************#..*
,,,,,,* #..*
*****,* #..*
*****,* #..*
,,,,,,* *,,*


You could see Sigmund, a worm and a kobold.

Vanquished Creatures
  An adder (D:2)
  2 dart slugs
  5 ball pythons
  6 endoplasms (D:1)
  2 giant cockroaches (D:2)
  2 goblins
  4 hobgoblins (D:1)
  A quokka (D:2)
  2 bats (D:1)
  2 frilled lizards (D:1)
  7 kobolds
  A rat (D:1)
35 creatures vanquished.

Notes
Turn   | Place    | Note
-------+----------+-------------------------------------------
     0 | D:1      | speeev33 the Hill Orc Fighter began the quest for the Orb.
     0 | D:1      | Reached XP level 1. HP: 19/19 MP: 1/1
   142 | D:1      | Reached XP level 2. HP: 27/27 MP: 2/2
   491 | D:1      | Reached skill level 4 in Fighting
   523 | D:1      | Reached XP level 3. HP: 27/33 MP: 3/3
   789 | D:1      | Found a faded altar of an unknown god.
  1086 | D:2      | Noticed Sigmund
  1479 | D:2      | Slain by Sigmund

Illustrated notes

Levels and vault maps discovered:
D:1:      heliophobic_arrival_glass_houses, layout_loops_ring,
          chequers_ecumenical_altar_simple_redux, minmay_pentomino_s4
D:2:      layout_loops_ring, uniq_sigmund

Skill      XL: |  1  2 |
---------------+-------+-----
Axes           | 3 |  3.5
Fighting       | 4 |  4.2
Armour         | |  3.8
Shields        | |  3.8

Action                   || total
-------------------------++-------
Melee: War axe           ||    96
  Use: Scroll            ||     3
Armor: Scale mail        ||    14
       Chain mail        ||    28
Dodge: Dodged            ||    18
Block: Kite shield       ||    49
